 Dungeon Crawl Stone Soup version 0.29.1-1-gd02db6906a (webtiles) character file.

Game seed: 13805663298619483435

666 Earthwalker the Slasher (level 7, -8/61 HPs)
             Began as a Minotaur Fighter on Oct 6, 2022.
             Was an Initiate of Gozag.
             Mangled by a wyvern zombie (11 damage)
             ... in an ossuary.
             The game lasted 00:16:12 (5469 turns).

Earthwalker the Slasher (Minotaur Fighter)          Turns: 5469, Time: 00:16:15

Health: -8/61      AC: 10    Str: 27    XL:     7   Next: 31%
Magic:  6/6        EV:  8    Int:  5    God:    Gozag
Gold:   214        SH:  5    Dex: 11    Spells: 6/6 levels left

rFire   . . .      SeeInvis .   a - +0 long sword
rCold   . . .      Faith    .   c - +0 buckler
rNeg    . . .      Spirit   .   k - +0 chain mail
rPois   .          Reflect  .   (helmet restricted)
rElec   .          Harm     .   e - scarf {repulsion}
rCorr   .          Rampage  .   (no gloves)
Will    .....                   (no boots)
Stlth   ..........              g - amulet of the acrobat
HPRegen 0.20/turn               x - +6 ring of strength
MPRegen 0.10/turn               (no ring)

@: gold aura, repel missiles
A: horns 2, retaliatory headbutt
a: Renounce Religion, Potion Petition, Call Merchant, Bribe Branch


You were in an ossuary.
You worshipped Gozag.
Gozag was aware of your devotion.
You visited 2 branches of the dungeon, and saw 7 of its levels.
You also visited: Ossuary.

You collected 381 gold pieces.
You spent 60 gold pieces at shops.
You paid 107 gold pieces to Gozag.

Inventory:

Hand Weapons
 a - a +0 long sword (weapon)
Missiles
 b - 2 throwing nets (quivered)
Armour
 c - a +0 buckler (worn)
 e - a scarf of repulsion (worn)
 i - a scarf of resistance
 k - a +0 chain mail (worn)
Jewellery
 g - an amulet of the acrobat (around neck)
 v - an amulet of regeneration
 x - a +6 ring of strength (left hand)
Wands
 j - a wand of flame (19)
 u - a wand of iceblast (9)
Scrolls
 o - 5 scrolls of immolation
 q - a scroll of noise
 s - 2 scrolls of teleportation
 t - a scroll of amnesia
 w - a scroll of magic mapping
Potions
 d - a potion of might
 h - 2 potions of lignification
 l - a potion of flight
 m - 6 potions of curing
 n - a potion of ambrosia
 p - a potion of brilliance
 r - a potion of attraction {unknown}


   Skills:
 + Level 5.0 Fighting
 + Level 6.9 Long Blades
 + Level 6.3 Armour
 + Level 1.1 Dodging
 + Level 4.4 Shields


You had 6 spell levels left.
You didn't know any spells.
Your spell library contained the following spells:

 Spells                   Type           Power      Damage    Failure   Level
 Apportation              Tloc           0%         N/A       98%         1
 Necrotise                Necr           0%         1d4       98%         1
 Sting                    Tmut/Pois      0%         1d3       98%         1
 Summon Small Mammal      Summ           0%         N/A       98%         1
 Call Canine Familiar     Summ           0%         N/A       100%        3
 Ignite Poison            Fire/Tmut/Pois 0%         N/A       100%        3
 Summon Guardian Golem    Hex/Summ       0%         N/A       100%        3
 Animate Armour           Summ/Erth      0%         N/A       100%        4
 Agony                    Necr           0%         N/A       100%        5
 Alistair's Intoxication  Tmut/Pois      0%         N/A       100%        5
 Blade Hands              Tmut           0%         N/A       100%        5
 Iron Shot                Conj/Erth      0%         9d1       100%        6


Dungeon Overview and Level Annotations

Branches:
Dungeon (6/15)             Temple (1/1) D:5         Ossuary (1/1)

Altars:
Dithmenos
Elyvilon
Fedhas
Gozag
Uskayaw
Vehumet
Wu Jian
Zin

Shops:
D:2 !


Innate Abilities, Weirdness & Mutations

You have a pair of horns on your head.
You reflexively headbutt those who attack you in melee.


Message History

[Y]es or [N]o only, please.
Keep disrobing?
You stop removing your amulet.
* * * LOW HITPOINT WARNING * * *
You hit the mummy but do no damage. You headbutt the mummy!
The mummy is severely damaged.
The mummy barely misses you. You furiously retaliate!
You headbutt the mummy. You hit the mummy but do no damage.
The mummy is almost destroyed.
You slash the mummy!
You destroy the mummy!
A bullfrog zombie comes into view.
You barely miss the bullfrog zombie. The bullfrog zombie closely misses you.
The bullfrog zombie barely misses you.
You barely miss the bullfrog zombie. The bullfrog zombie closely misses you.
You barely miss the bullfrog zombie. The bullfrog zombie hits you.
* * * LOW HITPOINT WARNING * * *
The bullfrog zombie barely misses you. You furiously retaliate!
You headbutt the bullfrog zombie! You slash the bullfrog zombie!
The bullfrog zombie is heavily damaged.
The bullfrog zombie barely misses you. You furiously retaliate!
You headbutt the bullfrog zombie! You slash the bullfrog zombie!
Your headbutt misses the bullfrog zombie.
The bullfrog zombie is almost destroyed.
The bullfrog zombie hits you.
* * * LOW HITPOINT WARNING * * *
You slash the bullfrog zombie!
You destroy the bullfrog zombie!
You slash the wyvern zombie! You headbutt the wyvern zombie!
The wyvern zombie is heavily damaged.
You block the wyvern zombie's attack.
You hit the wyvern zombie.
The wyvern zombie is heavily damaged.
The wyvern zombie bites you.
* * * LOW HITPOINT WARNING * * *
The wyvern zombie bites you!
You die...
Your body crumbles into a pile of gold.

'.# #Z+
'M# ##.#
'.'
#.#####
+.#$.∩#
#.Z@∩.#
#.'$#$..#
###.#####
'.. ##+#


You could see a wyvern zombie.

Vanquished Creatures
  An ogre (D:5)
  3 bullfrog zombies (Ossuary)
  An orc priest (D:4)
  4 iguanas
  2 orc wizards
  A killer bee zombie (Ossuary)
  7 mummies (Ossuary)
  7 adders
  An ufetubus (D:5)
  2 worms
  4 dart slugs
  10 orcs
  12 endoplasms
  3 giant cockroaches
  8 goblins
  5 hobgoblins
  6 quokkas
  4 ball pythons
  2 bats
  2 frilled lizards
  8 kobolds
  6 rats
99 creatures vanquished.

Vanquished Creatures (others)
  2 withered plants (Ossuary)
2 creatures vanquished.

Grand Total: 101 creatures vanquished

Notes
Turn   | Place    | Note
-------+----------+-------------------------------------------
     0 | D:1      | Earthwalker the Minotaur Fighter began the quest for the
                  | Orb.
     0 | D:1      | Reached XP level 1. HP: 19/19 MP: 0/0
    34 | D:1      | Found a faded altar of an unknown god.
   220 | D:1      | Reached XP level 2. HP: 26/27 MP: 1/1
   565 | D:1      | Reached XP level 3. HP: 27/33 MP: 2/2
   949 | D:2      | Found Botzoz's Distillery.
   952 | D:2      | Bought a potion of curing for 30 gold pieces
   952 | D:2      | Bought a potion of curing for 30 gold pieces
  1502 | D:3      | Found a shadowy altar of Dithmenos.
  1522 | D:3      | Reached XP level 4. HP: 40/40 MP: 3/3
  1753 | D:3      | Found a glowing silver altar of Zin.
  2396 | D:4      | Found an ornate altar of the Wu Jian Council.
  2414 | D:4      | Found a radiant altar of Vehumet.
  2433 | D:4      | Reached XP level 5. HP: 44/47 MP: 4/4
  2787 | D:4      | Reached skill level 5 in Long Blades
  2868 | D:4      | Found a hide-covered altar of Uskayaw.
  3245 | D:4      | Reached skill level 5 in Armour
  3440 | D:4      | Reached XP level 6. HP: 42/53 MP: 5/5
  3928 | D:5      | Entered Level 5 of the Dungeon
  4045 | D:5      | Got the Secrets of Blasphemous Magic and Variation
  4170 | D:5      | Reached skill level 1 in Dodging
  4339 | D:5      | Found a staircase to the Ecumenical Temple.
  4355 | Temple   | Entered the Ecumenical Temple
  4372 | Temple   | Became a worshipper of Gozag Ym Sagoz the Greedy
  5307 | D:6      | Found a sand-covered staircase.
  5316 | Ossuary  | Entered an ossuary
  5388 | Ossuary  | Reached XP level 7. HP: 28/60 MP: 6/6
  5448 | Ossuary  | Reached skill level 5 in Fighting
  5469 | Ossuary  | HP: 3/61 [wyvern zombie (2)]
  5469 | Ossuary  | Mangled by a wyvern zombie

Illustrated notes

Levels and vault maps discovered:
D:1:      nicolae_arrival_somewhat_less_tricky_arrival, layout_loops_cross,
          basic_ecumenical_altar, nrook_campfire, minmay_tetromino_l2
D:2:      layout_loops_ring, serial_shops, nicolae_shop_behind_doors
D:3:      layout_basic, mainiacjoe_overflow_24_doors, zin_scriptorium
D:4:      layout_basic, nzn_wu_jian_contemplation, mainiacjoe_overflow_alcove_4,
          vehumet_altar_wand_db, solitary_fountain, hangedman_glass_teeth,
          interstate_on_off
D:5:      layout_layer_cave, minmay_temple_entry_large_hall
D:6:      layout_basic, kennysheep_mini, gammafunk_temple_overflow_pools,
          overflow_temple_1_default, serial_shops, shop, enter_ossuary_1,
          chequers_arboretum
Temple:   nicolae_temple_godpark
Ossuary:  ossuary_zaba_flooded

Skill      XL: |  1  2  3  4  5  6  7 |
---------------+----------------------+-----
Fighting       | 4 5 |  5.0
Long Blades    | 3 4 5 6 |  6.9
Armour         | 4 5 6 |  6.3
Shields        | 4 |  4.4
Dodging        | 1 |  1.1

Action                   |  1- 3 |  4- 6 |  7- 9 || total
-------------------------+-------+-------+-------++-------
Melee: Long sword        |    88 |   161 |    25 ||   274
       Headbutt          |    12 |    29 |     8 ||    49
  Use: Scroll            |     5 |    10 |       ||    15
Armor: Scale mail        |    15 |       |       ||    15
       Chain mail        |    12 |    56 |     4 ||    72
Dodge: Dodged            |    52 |    62 |    12 ||   126
       Repelled          |     1 |     1 |       ||     2
Block: Buckler           |    17 |    21 |     2 ||    40
